 Dungeon Crawl Stone Soup version 0.24.0-123-gd5b16e6ec5 (webtiles) character file.

Game seed: 14794107033673473275, levelgen mode: deterministic

39722 brucemayne the Executioner (level 14, -5/124 HPs)
             Began as a Hill Orc Monk on Jan 25, 2020.
             Was a High Priest of Trog.
             Engulfed by Nessos's freezing vapour (24 damage)
             ... on level 4 of the Lair of Beasts.
             The game lasted 00:35:47 (7631 turns).

brucemayne the Executioner (Hill Orc Monk)          Turns: 7631, Time: 00:35:47

Health: -5/124     AC: 18    Str: 23    XL:     14   Next: 7%
Magic:  17/17      EV: 11    Int:  6    God:    Trog [*****.]
Gold:   1017       SH:  0    Dex: 14    Spells: 13/13 levels left

rFire    + . .     SeeInvis .   v - +1 battleaxe (flame)
rCold    . . .     Gourm    .   (shield currently unavailable)
rNeg     . . .     Faith    .   j - +1 chain mail of the Undertaker {rElec Int-4 Slay+4 Stlth+} (curse)
rPois    .         Spirit   .   Y - +1 helmet
rElec    +         Reflect  .   m - +0 cloak of Qoria {Regen+ Str+3}
rCorr    .         Harm     +   M - +0 pair of gloves
MR       +++..                  X - +0 pair of boots
Stlth    ..........             e - amulet of harm
HPRegen  1.70/turn              T - +2 ring of strength
MPRegen  0.15/turn              q - ring of protection from fire

@: lethally poisoned (-5 -> -21), regenerating
A: no striking features
a: Berserk, Trog's Hand, Brothers in Arms, Renounce Religion


You were on level 4 of the Lair of Beasts.
You worshipped Trog.
Trog was extremely pleased with you.
You were not hungry.

You visited 5 branches of the dungeon, and saw 23 of its levels.
You also visited: Gauntlet.

You collected 1252 gold pieces.
You spent 235 gold pieces at shops.

Inventory:

Hand Weapons
 a - a +3 executioner's axe of chopping
 f - a +0 hand axe of flaming
 k - a +0 whip of electrocution
 p - a +2 whip of flaming
 s - a +0 antimagic battleaxe
 v - a +1 battleaxe of flaming (weapon)
 x - a +4 scimitar of flaming
 P - the +9 morningstar "Ateocwio" {flame, +Fly rF++ Int-3 Dex+3}
   (You took it off a minotaur in a Gauntlet)

   It has been specially enchanted to burn those struck by it, causing extra
   injury to most foes and up to half again as much damage against particularly
   susceptible opponents.
   It affects your intelligence (-3).
   It affects your dexterity (+3).
   It greatly protects you from fire.
   It lets you fly.
Missiles
 y - 18 curare-tipped darts (quivered)
 G - 9 boomerangs of dispersal
 K - 14 poisoned darts
 Q - 16 javelins
Armour
 b - a +3 chain mail of cold resistance
 j - the cursed +1 chain mail of the Undertaker (worn) {rElec Int-4 Slay+4 Stlth+}
   (You found it on level 1 of the Lair of Beasts)

   It affects your intelligence (-4).
   It affects your accuracy and damage with ranged weapons and melee attacks
   (+4).
   It insulates you from electricity.
   It makes you more stealthy.
   It has a curse placed upon it.
 m - the +0 cloak of Qoria (worn) {Regen+ Str+3}
   (You found it on level 3 of the Lair of Beasts)

   It affects your strength (+3).
   It increases your rate of regeneration.
 o - a +0 helmet
 B - +0 ice dragon scales
 E - a +0 hat of see invisible
 F - a +1 troll leather armour
 M - a +0 pair of gloves (worn)
 N - the +2 cloak of Cocytus {rC+ Str+4 Int-2}
   (You found it in a Gauntlet)

   It affects your strength (+4).
   It affects your intelligence (-2).
   It protects you from cold.
 R - a +0 plate armour
 X - a +0 pair of boots (worn)
 Y - a +1 helmet (worn)
Jewellery
 e - an amulet of harm (around neck)
 g - the ring of the Will of the Gods {MR+ Int+8}
   (You took it off a minotaur in a Gauntlet)

   [ring of protection from magic]

   It affects your intelligence (+8).
   It affects your resistance to hostile enchantments.
 q - a ring of protection from fire (right hand)
 C - a +3 amulet of reflection
 S - an uncursed ring of positive energy
 T - a +2 ring of strength (left hand)
Wands
 i - a wand of polymorph (17)
 r - a wand of random effects (29)
 A - a wand of disintegration (12)
 U - a wand of iceblast (12)
Scrolls
 d - 5 scrolls of remove curse
 u - a scroll of immolation {unknown}
 w - a scroll of teleportation
 Z - a scroll of enchant weapon
Potions
 h - 4 potions of berserk rage
 t - 2 potions of lignification
 z - 2 potions of might
 D - a potion of brilliance {unknown}
 I - 3 potions of flight
 J - a potion of ambrosia {unknown}
 L - 2 potions of cancellation
 O - a potion of mutation
Miscellaneous
 W - a lightning rod (4/4)
Comestibles
 c - 20 rations


   Skills:
 - Level 11.0 Fighting
 - Level 23.0 Axes
 - Level 7.4 Armour
 + Level 5.8 Dodging
 - Level 1.5 Stealth
 - Level 4.2 Evocations


You had 13 spell levels left.
You didn't know any spells.
Your spell library contained the following spells:

 Spells                   Type           Power        Failure   Level  Hunger
 Apportation              Tloc           #.....       97%         1    ##.....
 Blink                    Tloc           N/A          99%         2    ###....
 Sublimation of Blood     Necr           #.........   99%         2    ###....
 Ignite Poison            Fire/Tmut/Pois #.......     100%        3    ####...
 Leda's Liquefaction      Hex/Erth       #.........   100%        4    #####..
 Petrify                  Tmut/Erth      #.......     100%        4    #####..
 Alistair's Intoxication  Tmut/Pois      #.......     100%        5    ######.
 Bolt of Magma            Conj/Fire/Erth #.........   100%        5    ######.
 Irradiate                Conj/Tmut      #.........   100%        5    ######.
 Iron Shot                Conj/Erth      #.........   100%        6    #######
 Statue Form              Tmut/Erth      #........    100%        6    #######
 Shatter                  Erth           #.........   100%        9    #######


Dungeon Overview and Level Annotations

Branches:
Dungeon (14/15)            Temple (1/1) D:5            Lair (5/6) D:10
  Swamp (1/4) Lair:3        Slime (0/5) Lair:5          Orc (2/2) D:12
    Elf (0/3) Orc:2       Gauntlet (visited)
  Snake: Lair:2-4    Spider: Lair:2-4    Vaults: D:13-14

Altars:
Ashenzari
Cheibriados
Dithmenos
Elyvilon
Gozag
Hepliaklqana
Kikubaaqudgha
Nemelex Xobeh
Okawaru
Qazlal
Ru
Sif Muna
Trog
Vehumet
Wu Jian
Xom
Yredelemnul
Zin
The Shining One

Shops:
D:11 =   Orc:1 }(!   Orc:2 (:!%

Annotations:
D:2 Terence
Lair:4 Nessos


Message History

Nessos creates a blast of flame!
Unknown command.
You are engulfed in freezing vapours.
You feel sick.
Nessos shoots an arrow.
The arrow hits you. The arrow burns you.
You are more poisoned.
Nessos shoots an arrow.
The arrow hits you!!
* * * LOW HITPOINT WARNING * * *
The arrow burns you.
You are lethally poisoned!
* * * LOW HITPOINT WARNING * * *
There is a stone staircase leading down, spattered with blood here.
You see here 2 arrows.
You feel much better.
You are engulfed in freezing vapours.
* * * LOW HITPOINT WARNING * * *
x2 You feel very sick.
Nessos blinks!
Your skin crawls.
You feel resistant to hostile enchantments.
You feel somewhat more hungry.
You are engulfed in freezing vapours.
You die...

...........†..........
............(<..........
.........c..............
.................#..###
.........$.§......#.#
........†§§§§....####
.......§§§§§§....P# ##
.......§§§§§§.....##.###
.......@§§§§............
.......§§§§§............
........................
.......................#
..............≈.<.≈≈≈.#
..............≈≈..≈≈≈..#
............≈≈≈≈≈≈≈≈≈≈..
............≈≈≈≈≈≈≈≈≈≈..
...........≈≈≈≈≈≈≈≈...


You could see Nessos.

Vanquished Creatures
  Gastronok (D:11)
  An orc warlord (Orc:2)
  A minotaur (Gauntlet)
  3 hydras
  A shambling mangrove (Swamp:1)
  2 centaur warriors
  Erica (D:10)
  Sonja (Lair:4)
  A wretched star (Gauntlet)
  2 glowing orange brains (Gauntlet)
  2 orc sorcerers (Orc:1)
  4 ugly things
  An orc knight (Orc:2)
  5 elephants (Lair:5)
  A centaur skeleton (D:12)
  3 black mambas
  A gargoyle (D:12)
  3 spiny frogs
  4 komodo dragons
  3 polar bears
  4 trolls
  A hornet (Swamp:1)
  2 hippogriffs
  10 blink frogs
  2 shadows
  2 spriggans
  25 yaks
  2 wraiths (Lair:4)
  A wyvern (Lair:5)
  A basilisk (Lair:4)
  A neqoxec (Gauntlet)
  3 vampire mosquitoes (Swamp:1)
  2 wargs (Orc:2)
  Menkaure (D:7)
  5 porcupines
  6 water moccasins
  2 sky beasts
  2 phantoms
  30 orc warriors
  3 ice beasts
  3 black bears
  10 ogres
  4 wolves (Lair:2)
  15 centaurs
  3 big kobolds
  4 crocodiles
  Blork the orc (D:6)
  3 wyvern zombies
  11 bullfrogs
  6 gnoll sergeants
  A scorpion (D:9)
  A water moccasin skeleton (D:11)
  8 wights (D:6)
  3 howler monkeys (D:9)
  A crimson imp (D:11)
  2 bullfrog zombies
  15 jellies
  27 orc wizards
  5 hounds
  A bullfrog skeleton (D:11)
  15 orc priests
  An iguana (D:11)
  3 worker ants
  A howler monkey zombie (D:9)
  4 gnolls
  4 adders
  2 shadow imps
  2 oozes
  A dart slug (D:5)
  5 leopard geckos
  71 orcs
  5 bats
  4 giant cockroaches
  A goblin (D:2)
  2 jackals (D:6)
  12 kobolds
  8 quokkas
  A ball python (D:5)
  3 frilled lizards
  A quokka skeleton (D:6)
  5 rats
  4 demonic plants (Gauntlet)
  2 plants (D:10)
427 creatures vanquished.

Vanquished Creatures (collateral kills)
  A vampire mosquito (Swamp:1)
  A swamp worm (Swamp:1)
  An orc (Orc:2)
3 creatures vanquished.

Vanquished Creatures (others)
  A demonic plant (Gauntlet)
1 creature vanquished.

Grand Total: 431 creatures vanquished

Notes
Turn   | Place    | Note
-------+----------+-------------------------------------------
     0 | D:1      | brucemayne the Hill Orc Monk began the quest for the Orb.
     0 | D:1      | Reached XP level 1. HP: 19/19 MP: 1/1
   147 | D:1      | Reached XP level 2. HP: 13/26 MP: 2/2
   275 | D:2      | Reached skill level 5 in Axes
   365 | D:2      | Noticed Terence
   461 | D:3      | Found a radiant altar of Vehumet.
   606 | D:4      | Reached skill level 6 in Axes
   606 | D:4      | Reached XP level 3. HP: 18/31 MP: 3/3
   692 | D:4      | Reached XP level 4. HP: 13/39 MP: 4/4
   994 | D:4      | Noticed a phantom
  1158 | D:5      | Entered Level 5 of the Dungeon
  1202 | D:6      | Noticed Blork the orc
  1277 | D:5      | Reached skill level 7 in Axes
  1369 | D:5      | Found a staircase to the Ecumenical Temple.
  1378 | Temple   | Entered the Ecumenical Temple
  1389 | Temple   | Became a worshipper of Trog the Wrathful
  1389 | Temple   | Reached * piety under Trog
  1389 | Temple   | Reached ** piety under Trog
  1435 | D:5      | Noticed a phantom
  1439 | D:6      | Noticed a sky beast
  1476 | D:6      | Killed Blork the orc
  1476 | D:6      | Reached skill level 8 in Axes
  1476 | D:6      | Reached XP level 5. HP: 45/45 MP: 5/5
  1478 | D:6      | Killed a sky beast
  1478 | D:6      | Reached skill level 9 in Axes
  1478 | D:6      | Reached XP level 6. HP: 51/51 MP: 6/6
  1561 | D:6      | Reached skill level 10 in Axes
  1632 | D:6      | Reached XP level 7. HP: 39/57 MP: 7/7
  1724 | D:7      | Noticed Menkaure
  1732 | D:7      | Killed Menkaure
  1732 | D:7      | Reached skill level 11 in Axes
  1732 | D:7      | Noticed a hippogriff
  1737 | D:7      | Killed a hippogriff
  1737 | D:7      | Reached skill level 12 in Axes
  1737 | D:7      | Reached XP level 8. HP: 37/64 MP: 8/8
  1905 | D:6      | Reached skill level 13 in Axes
  2493 | D:8      | Found a flagged portal.
  2499 | D:8      | Reached skill level 14 in Axes
  2505 | D:8      | Reached XP level 9. HP: 70/70 MP: 9/9
  2510 | D:8      | Reached *** piety under Trog
  2757 | D:10     | Entered Level 10 of the Dungeon
  2790 | D:9      | Reached skill level 15 in Axes
  2803 | D:9      | Reached skill level 16 in Axes
  2963 | D:10     | Noticed a troll
  2975 | D:10     | Killed a troll
  3009 | D:10     | Found a staircase to the Lair.
  3090 | D:10     | Reached skill level 17 in Axes
  3090 | D:10     | Reached XP level 10. HP: 46/77 MP: 10/10
  3352 | D:9      | Reached **** piety under Trog
  3414 | D:10     | Noticed Erica
  3424 | D:10     | Killed Erica
  3424 | D:10     | Reached skill level 18 in Axes
  3669 | D:11     | Found Givvad's Jewellery Emporium.
  3681 | D:11     | Bought a +3 amulet of reflection for 235 gold pieces
  3736 | D:11     | Noticed a centaur warrior
  3754 | D:11     | Killed a centaur warrior
  3762 | D:11     | Reached skill level 19 in Axes
  3829 | D:11     | Noticed Gastronok
  3841 | D:11     | Killed Gastronok
  3841 | D:11     | Reached XP level 11. HP: 89/89 MP: 11/11
  3922 | D:11     | Noticed a green ugly thing
  3936 | D:11     | Killed a green ugly thing
  3980 | D:10     | Reached skill level 5 in Armour
  4034 | D:11     | Found a gate leading to a gauntlet.
  4046 | Gauntlet | Entered a Gauntlet
  4046 | Gauntlet | Found a transporter.
  4046 | Gauntlet | Noticed a glowing orange brain
  4047 | Gauntlet | Noticed a red ugly thing
  4049 | Gauntlet | Found a transporter.
  4049 | Gauntlet | Noticed a glowing orange brain
  4052 | Gauntlet | Found a transporter.
  4052 | Gauntlet | Found a transporter.
  4054 | Gauntlet | Found a transporter.
  4056 | Gauntlet | Found a transporter.
  4064 | Gauntlet | Found a transporter.
  4065 | Gauntlet | Noticed a wretched star
  4084 | Gauntlet | Found a transporter.
  4085 | Gauntlet | Found a transporter.
  4088 | Gauntlet | Noticed an orange crystal statue
  4089 | Gauntlet | Found a transporter.
  4090 | Gauntlet | Noticed a death ooze
  4115 | Gauntlet | Found a transporter.
  4143 | Gauntlet | Found a transporter.
  4194 | Gauntlet | Killed a glowing orange brain
  4196 | Gauntlet | Killed a glowing orange brain
  4209 | Gauntlet | Killed a red ugly thing
  4283 | Gauntlet | Killed a wretched star
  4297 | Gauntlet | Got a scorched cloak
  4308 | Gauntlet | Identified the +2 cloak of Cocytus {rC+ Str+4 Int-2} (You
                  | found it in a Gauntlet)
  4359 | Gauntlet | Identified the +9 morningstar "Ateocwio" {flame, +Fly rF++
                  | Int-3 Dex+3}
  4359 | Gauntlet | Identified the ring of the Will of the Gods {MR+ Int+8}
  4359 | Gauntlet | Noticed a minotaur
  4366 | Gauntlet | Killed a minotaur
  4378 | Gauntlet | Identified Racsaf's Incunabulum of Transmigration and the
                  | Voyage
  4400 | D:11     | Noticed a red ugly thing
  4417 | D:11     | Killed a red ugly thing
  4644 | D:14     | Noticed a fire crab
  4791 | D:12     | Noticed a brown ugly thing
  4797 | D:12     | Killed a brown ugly thing
  4797 | D:12     | Reached XP level 12. HP: 68/106 MP: 12/12
  4825 | D:12     | Noticed an eight-headed hydra
  4834 | D:12     | Killed a six-headed hydra
  4834 | D:12     | Reached ***** piety under Trog
  4834 | D:12     | Reached skill level 10 in Fighting
  5218 | D:12     | Found a staircase to the Orcish Mines.
  5378 | D:12     | Received a gift from Trog
  5428 | Orc:1    | Entered Level 1 of the Orcish Mines
  5445 | Orc:1    | Reached skill level 20 in Axes
  5522 | Orc:2    | Entered Level 2 of the Orcish Mines
  5522 | Orc:2    | Found a staircase to the Elven Halls.
  5579 | Orc:2    | Noticed an orc warlord
  5597 | Orc:2    | Killed an orc warlord
  5868 | Orc:1    | Found Figug's Gadget Shoppe.
  5870 | Orc:1    | Found Dona's Distillery.
  5870 | Orc:1    | Found Veitucam's Weapon Emporium.
  5910 | Orc:1    | Reached skill level 21 in Axes
  6106 | Orc:2    | Noticed a centaur warrior
  6118 | Orc:2    | Killed a centaur warrior
  6123 | Orc:2    | Reached XP level 13. HP: 73/116 MP: 13/13
  6272 | Orc:2    | Received a gift from Trog
  6516 | Orc:2    | Found Ovooheoppecs's Book Boutique.
  6516 | Orc:2    | Found Ekhlepho's Distillery.
  6518 | Orc:2    | Found Voagom's Food Shoppe.
  6520 | Orc:2    | Found Mifoudgh's Weapon Shop.
  6723 | Lair:1   | Entered Level 1 of the Lair of Beasts
  6741 | Lair:1   | Got a jewelled chain mail
  6752 | Lair:1   | Identified the cursed +1 chain mail of the Undertaker
                  | {rElec Int-4 Slay+4 Stlth+} (You found it on level 1 of the
                  | Lair of Beasts)
  6764 | Lair:2   | Reached skill level 22 in Axes
  6823 | Lair:3   | Got a brightly glowing cloak
  6827 | Lair:3   | Found a staircase to the Swamp.
  6838 | Lair:3   | Identified the +0 cloak of Qoria {Regen+ Str+3} (You found
                  | it on level 3 of the Lair of Beasts)
  6846 | Swamp:1  | Entered Level 1 of the Swamp
  7036 | Lair:5   | Found a staircase to the Slime Pits.
  7155 | Lair:4   | Noticed Sonja
  7162 | Lair:4   | Reached skill level 23 in Axes
  7166 | Lair:4   | Killed Sonja
  7166 | Lair:4   | Reached skill level 1 in Evocations
  7458 | Lair:4   | Received a gift from Trog
  7460 | Lair:4   | Noticed Nessos
  7498 | Lair:3   | Reached skill level 5 in Dodging
  7498 | Lair:3   | Reached XP level 14. HP: 124/124 MP: 10/17
  7631 | Lair:4   | Engulfed by Nessos's freezing vapour

Levels and vault maps discovered:
D:1:      minmay_arrival_cross, layout_basic, hangedman_abyss_or_decor_stabs
D:2:      minmay_door_path, layout_basic, uniq_terence
D:3:      layout_basic, vehumet_crystals, first_ration
D:4:      layout_gridville, uniq_pikel
D:5:      layout_basic, minmay_temple_entry_antechambers, uniq_eustachio
D:6:      layout_loops_ring, uniq_blork_the_orc
D:7:      layout_basic, okawaru_humans, uniq_duvessa, uniq_menkaure
D:8:      layout_basic, enter_bailey_6, uniq_psyche
D:9:      layout_basic, the_bakery
D:10:     layout_loops_ring, dpeg_oklobed_lair, fedhas_altar_decomposition,
          uniq_erica
D:11:     layout_stronghold, gauntlet_entry_generic, serial_shops, shop,
          nooodl_food_tri, uniq_gastronok
D:12:     layout_gridville, kennysheep_orc_monster_closet_entryway
D:13:     layout_cave_pods, hex_tiny
D:14:     layout_basic, grunt_vaults_entry_fortified, hangedman_decor_opposing,
          portal_ice_cave_entry_pillars_2, gammafunk_ghost_fury_of_okawaru
Temple:   grunt_wide_crystal_templ
Lair:1:   layout_chaotic_city, beast_lair_carwin_6
Lair:2:   layout_regular_city, spider_nest_entry_funnel_web,
          nicolae_lair_grove_arrangements, grunt_megastairs_1
Lair:3:   layout_cave_pods, swamp_mist, beast_lair_carwin_5, grunt_megastairs_2,
          infiniplex_staircase_pool_2
Lair:4:   layout_long_grid, lemuel_fruit_fields, infiniplex_staircase_pool,
          grunt_megastairs_3, lemuel_fruit_tree, serial_bayou_shore_b,
          uniq_nessos, uniq_josephine, uniq_sonja
Lair:5:   layout_gridlike, minmay_slime_entry_jelly_boxes, guppyfry_lair_drakes
Swamp:1:  layout_basic_swamp, hangedman_swamp_lotus
Orc:1:    layout_caves, serial_shops, shop, shop, shop,
          nicolae_shop_window_shopping
Orc:2:    st_orc_rangers, layout_caves, special_room,
          nicolae_orc_flooded_monolith

Skill      XL: |  1  2  3  4  5  6  7  8  9 10 11 12 13 |
---------------+----------------------------------------+-----
Axes           | 6 8 9 10 12 14 17 19 21 23 | 23.0
Fighting       | 6 9 11 | 11.0
Armour         | 4 7 |  7.4
Evocations     | 4 |  4.2
Dodging        | 5 |  5.8
Stealth        | |  1.5

Action                   |  1- 3 |  4- 6 |  7- 9 | 10-12 | 13-15 || total
-------------------------+-------+-------+-------+-------+-------++-------
Melee: Hand axe          |    67 |    84 |    42 |       |       ||   193
       Broad axe         |       |       |    79 |       |       ||    79
       Battleaxe         |       |       |    49 |   414 |   241 ||   704
Throw: Dart              |       |       |       |     2 |       ||     2
Invok: Berserk           |       |     3 |     7 |    12 |     3 ||    25
       Trog's Hand       |       |     1 |     3 |     8 |     6 ||    18
       Brothers in Arms  |       |       |       |       |     2 ||     2
  Use: Potion            |     1 |     2 |     4 |     1 |     6 ||    14
       Scroll            |       |     2 |       |     9 |     1 ||    12
 Stab: Sleeping          |       |       |       |     2 |       ||     2
  Eat: Ration            |       |     2 |     2 |     7 |     3 ||    14
       Chunk             |       |       |     4 |     1 |     1 ||     6
Armor: Robe              |     9 |       |       |       |       ||     9
       Ring mail         |       |    16 |       |       |       ||    16
       Chain mail        |       |    14 |    70 |       |   113 ||   197
       Troll leather arm |       |       |     1 |   115 |    20 ||   136
       Plate armour      |       |       |     1 |       |       ||     1
Dodge: Dodged            |    75 |    57 |    45 |   208 |   125 ||   510
